 Dungeon Crawl Stone Soup version 0.29.1-15-g9cfb28693d (webtiles) character file.

Game seed: 17908269165322543309

3231 issech the Basher (level 9, -4/71 HPs)
             Began as a Minotaur Monk on Feb 28, 2023.
             Was a Believer of Hepliaklqana.
             Slain by an orc warlord
             ... wielding a +3 battleaxe
              (7 damage)
             ... in a bailey.
             The game lasted 00:37:25 (7648 turns).

issech the Basher (Minotaur Monk)                   Turns: 7648, Time: 00:37:26

Health: -4/71      AC: 23    Str: 19    XL:     9   Next: 66%
Magic:  8/8        EV:  6    Int:  7    God:    Hepliaklqana [**....]
Gold:   387        SH:  9    Dex: 14    Spells: 8/8 levels left

rFire   . . .      SeeInvis .   S - +3 flail (protect)
rCold   + . .      Faith    .   U - +1 kite shield {reflect}
rNeg    . . .      Spirit   .   p - +0 plate armour
rPois   .          Reflect  +   (helmet restricted)
rElec   .          Harm     .   (no cloak)
rCorr   .          Rampage  .   E - +0 pair of gloves
Will    .....                   d - +0 pair of boots
Stlth   ..........              b - amulet of the acrobat
HPRegen 0.21/turn               I - ring of protection from cold
MPRegen 0.11/turn               (no ring)

@: under a protective aura
A: reduced essence, horns 2, retaliatory headbutt
a: Renounce Religion, Recall Ancestor, Ancestor Identity


You were in a bailey.
You worshipped Hepliaklqana.
Hepliaklqana was pleased with you.
You visited 2 branches of the dungeon, and saw 8 of its levels.
You also visited: Sewer and Bailey.

You collected 387 gold pieces.

Inventory:

Hand Weapons
 o - the +8 dagger of the Madman {vamp, rElec rN+}
   (You found it on level 2 of the Dungeon)

   It occasionally heals its wielder for a portion of the damage dealt when it
   wounds a living foe.
   rElec:     It insulates you from electricity.
   rN:        It protects you from negative energy.
 u - a +3 hand axe
 v - the +6 mace "Qubrod" {freeze, Dex+4}
   (You found it on level 3 of the Dungeon)

   It freezes those it strikes, dealing additional cold damage.
   It can also slow down cold-blooded creatures.
   Dex:       It affects your dexterity (+4).
 w - the +8 falchion of Incongruity {vorpal, rElec}
   (You found it on level 7 of the Dungeon)

   It inflicts extra damage upon your enemies.
   rElec:     It insulates you from electricity.
 B - a +0 sling
 Q - a +2 vorpal war axe
 S - a +3 flail of protection (weapon)
Missiles
 e - 62 stones
 i - 12 poisoned darts
 P - 5 atropa-tipped darts
 V - 3 boomerangs (quivered)
Armour
 d - a +0 pair of boots (worn)
 m - the +0 ring mail of the Saviour {rCorr}
   (You found it on level 6 of the Dungeon)

   rCorr:     It protects you from acid and corrosion.
 p - a +0 plate armour (worn)
 C - a +2 animal skin
 E - a +0 pair of gloves (worn)
 T - a +0 chain mail
 U - a +1 kite shield of reflection (worn)
Jewellery
 b - an amulet of the acrobat (around neck)
 I - a ring of protection from cold (left hand)
 N - a ring of wizardry
Wands
 t - a wand of roots (5)
 x - a wand of quicksilver (6)
Scrolls
 g - 3 scrolls of blinking
 h - 2 scrolls of immolation
 k - 2 scrolls of amnesia
 l - a scroll of torment
 q - 4 scrolls of teleportation
 r - 2 scrolls of vulnerability
 s - a scroll of poison
 z - 2 scrolls of summoning
 D - a scroll of acquirement
 G - 2 scrolls of magic mapping
 K - a scroll of noise {unknown}
 O - a scroll of enchant armour {unknown}
Potions
 a - a potion of flight {unknown}
 c - 2 potions of ambrosia
 f - a potion of experience {unknown}
 j - 3 potions of magic {unknown}
 n - 4 potions of heal wounds
 A - 2 potions of resistance {unknown}
 F - 2 potions of might {unknown}
 H - 3 potions of curing
 J - a potion of brilliance {unknown}
 L - a potion of haste {unknown}
 M - a potion of invisibility {unknown}
 R - a potion of degeneration {unknown}


   Skills:
 + Level 7.4 Fighting
 + Level 0.8 Short Blades
 + Level 10.4 Maces & Flails
 + Level 0.1 Throwing
 + Level 7.6 Armour
 + Level 6.2 Dodging
 + Level 4.1 Stealth
 + Level 2.7 Shields


You had 8 spell levels left.
You didn't know any spells.
Your spell library contained the following spells:

 Spells                   Type           Power      Damage    Failure   Level
 Apportation              Tloc           0%         N/A       100%        1
 Necrotise                Necr           0%         1d4       100%        1
 Summon Small Mammal      Summ           0%         N/A       100%        1
 Blink                    Tloc           0%         N/A       100%        2
 Hailstorm                Conj/Ice       0%         3d3       100%        4
 Ice Form                 Ice/Tmut       0%         N/A       100%        4
 Fireball                 Conj/Fire      0%         3d3       100%        5
 Iskenderun's Battlesphe  Conj           0%         2d6       100%        5
 Manifold Assault         Tloc           0%         N/A       100%        5
 Conjure Ball Lightning   Conj/Air       0%         3x3d6     100%        6
 Simulacrum               Ice/Necr       0%         N/A       100%        6
 Orb of Destruction       Conj           0%         9d5       100%        7
 Storm Form               Tmut/Air       0%         N/A       100%        7


Dungeon Overview and Level Annotations

Branches:
Dungeon (7/15)             Temple (1/1) D:6           Sewer (visited)
 Bailey (1/1)

Altars:
Ashenzari
Cheibriados
Dithmenos
Elyvilon
Fedhas
Gozag
Hepliaklqana
Makhleb
Nemelex Xobeh
Qazlal
Ru
Sif Muna
Uskayaw
Yredelemnul
The Shining One


Innate Abilities, Weirdness & Mutations

Your life essence is reduced to manifest your ancestor. (-10% HP)
You have a pair of horns on your head.
You reflexively headbutt those who attack you in melee.


Message History

The boomerang hits the orc warlord but does no damage.
You throw a boomerang.
The boomerang hits the orc warlord but does no damage.
You see here a +0 hand axe.
Items here: )) [[.
Items here: )) [[.
There is an open door, spattered with blood here.
Items here: )) [[ †.
You sock the orc warrior!
Your weapon exudes an aura of protection.
The orc warrior is moderately wounded.
The orc warlord roars a battlecry!
The orc warrior goes into a battle-frenzy!
The orc warrior hits you but does no damage.
You barely miss the orc warrior. You headbutt the orc warrior.
The orc warrior is moderately wounded.
You block the orc warrior's attack.
The orc warrior hits you with a +0 broad axe!
The orc warlord hits you but does no damage.
The orc warlord hits Cenhelm with a +3 battleaxe!
You sock the orc warrior!
The orc warrior is severely wounded.
Cenhelm barely misses the orc warlord.
You block the orc warlord's attack.
The orc warlord hits Cenhelm with a +3 battleaxe!
You block the orc warrior's attack.
You barely miss the orc warrior.
The orc warrior is severely wounded.
Cenhelm gestures at the orc warlord while chanting.
The puff of frost hits the orc warlord!
The orc warlord hits you with a +3 battleaxe!
The orc warlord hits Cenhelm with a +3 battleaxe!!
Cenhelm is destroyed!
The orc warrior hits you with a +0 broad axe!
You sock the orc warrior!
You kill the orc warrior!
The orc warlord hits you with a +3 battleaxe!!
* * * LOW HITPOINT WARNING * * *
The orc warlord attacks as you move away!
The orc warlord hits you with a +3 battleaxe!
You die...

##..)..##.........##....
#.......# #.....
##.......## ##.....
#.........# #......
##.........## ##......
#.....⌠.....#######.....⌠.
##.........##.....##..o...
#.......o.#.......#......
##...)))@##..o....##))...
#...)...).........o.[)..
##.....##......)..##....
#######.....⌠.)...#####
##.........## #.........#
##.......## #.......#
##.....##


You could see an orc warlord.

Vanquished Creatures
  Sigmund (D:2)
  A steam dragon (D:7)
  Edmund (D:6)
  9 orc warriors
  2 ogres (D:5)
  2 ice beasts
  A centaur (D:6)
  A bullfrog (Sewer)
  A scorpion (D:4)
  5 howler monkeys
  2 jellies (D:6)
  2 hounds
  4 orc priests
  An iron imp (D:3)
  2 iguanas (D:5)
  Ijyb (D:3)
  4 orc wizards
  Robin (D:3)
  6 gnolls
  11 adders
  A white imp (D:5)
  2 worms (D:2)
  2 dart slugs
  16 orcs
  14 endoplasms
  14 giant cockroaches
  16 goblins
  13 hobgoblins
  4 jackals
  10 quokkas
  20 ball pythons
  8 bats
  13 frilled lizards
  6 kobolds
  7 rats
204 creatures vanquished.

Vanquished Creatures (collateral kills)
  2 orc warriors
  A centaur (D:7)
  A bullfrog (D:7)
  A gnoll sergeant (D:7)
  2 orc wizards (D:6)
  5 gnolls
  An ufetubus (D:7)
  6 orcs
  3 hobgoblins (Bailey)
  8 goblins
30 creatures vanquished.

Vanquished Creatures (others)
  3 battlemagi (Bailey)
  A goblin (D:3)
4 creatures vanquished.

Grand Total: 238 creatures vanquished

Notes
Turn   | Place    | Note
-------+----------+-------------------------------------------
     0 | D:1      | issech the Minotaur Monk began the quest for the Orb.
     0 | D:1      | Reached XP level 1. HP: 19/19 MP: 0/0
   231 | D:1      | Reached skill level 4 in Maces & Flails
   384 | D:1      | Reached XP level 2. HP: 27/27 MP: 1/1
   482 | D:1      | You fall into a shaft and drop 1 floor!
   894 | D:2      | Noticed Sigmund
  1060 | D:2      | Identified the +8 dagger of the Madman {vamp, rElec rN+}
  1162 | D:2      | Reached XP level 3. HP: 33/33 MP: 2/2
  1177 | D:2      | Killed Sigmund
  1178 | D:2      | Reached skill level 5 in Maces & Flails
  1178 | D:2      | Reached XP level 4. HP: 29/41 MP: 3/3
  1178 | D:2      | Reached XP level 5. HP: 33/47 MP: 4/4
  1284 | D:2      | Found a faded altar of an unknown god.
  1306 | D:2      | Reached skill level 1 in Armour
  1306 | D:2      | Found a shimmering blue altar of Sif Muna.
  1596 | D:3      | Identified the +6 mace "Qubrod" {freeze, Dex+4}
  1719 | D:3      | Noticed Ijyb
  1728 | D:3      | Killed Ijyb
  1729 | D:3      | Reached skill level 5 in Fighting
  1790 | D:3      | Found a glowing drain.
  1810 | Sewer    | Entered a sewer
  1847 | Sewer    | Reached XP level 6. HP: 52/56 MP: 5/5
  2328 | Sewer    | Reached skill level 6 in Maces & Flails
  2654 | D:3      | Noticed Robin
  2666 | D:3      | Killed Robin
  3026 | D:3      | Found a snail-covered altar of Cheibriados.
  3035 | D:3      | Reached skill level 5 in Dodging
  3587 | D:4      | Reached XP level 7. HP: 61/61 MP: 6/6
  3685 | D:4      | Found a hide-covered altar of Uskayaw.
  4012 | D:5      | Entered Level 5 of the Dungeon
  4395 | D:5      | Reached skill level 7 in Maces & Flails
  4587 | D:5      | Found an opulent altar of Gozag.
  4624 | D:5      | Reached XP level 8. HP: 37/70 MP: 7/7
  4950 | D:5      | Reached skill level 5 in Armour
  5674 | D:6      | Found a staircase to the Ecumenical Temple.
  5686 | Temple   | Entered the Ecumenical Temple
  5686 | Temple   | Found a transporter.
  5686 | Temple   | Found a transporter.
  5688 | Temple   | Found a transporter.
  5688 | Temple   | Found a transporter.
  5703 | Temple   | Became a worshipper of Hepliaklqana the Forgotten
  5703 | Temple   | Reached * piety under Hepliaklqana
  5703 | Temple   | Reached ** piety under Hepliaklqana
  5706 | Temple   | Remembered your ancestor Cenhelm as a battlemage
  5827 | D:6      | Noticed Edmund
  5838 | D:6      | Killed Edmund
  5839 | D:6      | Reached skill level 8 in Maces & Flails
  6315 | D:6      | Found a burning altar of Makhleb.
  6315 | D:6      | Noticed a cacodemon
  6319 | D:6      | Noticed an orange demon
  6319 | D:6      | Noticed a smoke demon
  6426 | D:6      | Identified the +0 ring mail of the Saviour {rCorr}
  6763 | D:7      | Identified the +8 falchion of Incongruity {vorpal, rElec}
  6782 | D:7      | Reached skill level 9 in Maces & Flails
  6806 | D:7      | Reached XP level 9. HP: 21/70 MP: 8/8
  6807 | D:7      | Found a glowing golden altar of the Shining One.
  6818 | D:7      | Found a basalt altar of Yredelemnul.
  6914 | D:7      | Found a flagged portal.
  6935 | Bailey   | Entered a bailey
  7085 | Bailey   | Reached skill level 1 in Shields
  7160 | Bailey   | Reached skill level 10 in Maces & Flails
  7338 | Bailey   | Identified a scroll of acquirement
  7341 | Bailey   | Noticed an orc warlord
  7647 | Bailey   | HP: 3/71 [orc warlord/+3 battleaxe (27)]
  7648 | Bailey   | Slain by an orc warlord

Illustrated notes

Levels and vault maps discovered:
D:1:      lemuel_arrival_tunnels, layout_basic
D:2:      layout_rooms, chequers_ecumenical_altar_simple_redux, basic_altar,
          corexii_shack, uniq_sigmund
D:3:      layout_basic, chei_slow_surprise, cheibrodos_sewer_entry_drain,
          grunt_decor_arrowhead, hangedman_abyss_or_decor_stabs,
          minmay_misc_feat_rugged, grunt_ministairs_10, uniq_robin, uniq_ijyb
D:4:      layout_basic, overflow_temple_1_default, minmay_misc_feat_more_columns
D:5:      layout_gridville, lemuel_tele_altar, chequers_serial_rivers_small_3,
          minmay_misc_feat_five
D:6:      layout_loops_ring, makhleb_altar_promises_db,
          minmay_temple_entry_mist, ebering_dispersal_statue_hall, uniq_edmund
D:7:      layout_basic, grunt_temple_overflow_holy_war,
          grunt_temple_overflow_order_and_chaos_1, enter_bailey_3,
          serial_bayou_lake_a
Temple:   hellmonk_temple_divided_pantheon
Bailey:   bailey_axe_minmay_hex_keep, bailey

Skill      XL: |  1  2  3  4  5  6  7  8  9 |
---------------+----------------------------+-----
Maces & Flails | 4 5 6 7 9 10 | 10.4
Fighting       | 4 5 6 7 |  7.4
Dodging        | 4 5 6 |  6.2
Stealth        | 2 3 4 |  4.1
Armour         | 1 3 4 6 7 |  7.6
Shields        | 2 |  2.7
Short Blades   | |  0.8
Throwing       | |  0.1

Action                   |  1- 3 |  4- 6 |  7- 9 || total
-------------------------+-------+-------+-------++-------
Melee: Mace              |    36 |   152 |    68 ||   256
       Headbutt          |     8 |    12 |    32 ||    52
       Dagger            |     9 |    22 |       ||    31
       Punch             |       |     1 |     1 ||     2
       Flail             |       |       |    97 ||    97
Throw: Boomerang         |       |       |     6 ||     6
Invok: Ancestor Life: Ba |       |       |     1 ||     1
  Use: Scroll            |       |     7 |     6 ||    13
       Potion            |       |       |     2 ||     2
 Stab: Sleeping          |     1 |     4 |     2 ||     7
       Distracted        |       |       |     2 ||     2
Armor: Robe              |     7 |       |       ||     7
       Leather armour    |     2 |    32 |       ||    34
       Ring mail         |       |    15 |    13 ||    28
       Chain mail        |       |       |    47 ||    47
       Animal skin       |       |       |     5 ||     5
       Plate armour      |       |       |    34 ||    34
Dodge: Dodged            |    41 |   145 |   109 ||   295
Block: Kite shield       |       |       |    56 ||    56
       Reflection        |       |       |     3 ||     3
